Map: Last Remnant

Players

Odin

  • Race: Zerg Zerg
  • League: Platinum
  • Spawn Location: 6:00

A.I. 1 (Harder) - Winner!

  • Race: Terran Terran
  • Spawn Location: 3:00

A.I. 2 (Harder) - Winner!

  • Race: Terran Terran
  • Spawn Location: 12:00

A.I. 3 (Harder) - Winner!

  • Race: Terran Terran
  • Spawn Location: 12:00

A.I. 4 (Harder) - Winner!

  • Race: Terran Terran
  • Spawn Location: 1:00

VOD

Have the link to the VOD?

Description

Time

  • Played on: Dec. 17, 2018, 1:20 p.m.
  • Length: 4:40
Show
View Real Time Build Order
Export as new Build Order

Odin Zerg 

Build Orders: 1 Base Baneling Bust, Pool First, Zergling Baneling 

Get SALT Encoding   

  12  0:12  Extractor  
  11  0:22  Spawning Pool  
  11  0:26  Drone  
  11  0:32  Drone  
  12  0:43  Overlord  
  12  0:49  Drone  
  13  0:55  Drone  
  14  1:11  Queen  
  14  1:17  Drone  
  17  1:31  Baneling Nest  
  16  1:34  Drone  
  16  1:36  Drone  
  18  1:41  Zergling x2  
  20  1:47  Zergling x2  
  20  2:02  Zergling x2  
  21  2:11  Zergling x2  
  22  2:23  Overlord  
  21  2:33  Baneling x3  
  21  2:36  Baneling x2  
  21  2:45  Drone  
  21  2:48  Zergling x2  
  21  2:49  Hatchery  
  22  2:51  Zergling x2  
  23  2:58  Metabolic Boost  
  23  3:04  Zergling x2  
  24  3:08  Zergling x2  
  20  3:37  Zergling x10  
  20  3:38  Zergling x2  
  26  3:50  Baneling x5  
  26  4:03  Baneling x6  
Show
View Real Time Build Order
Export as new Build Order

A.I. 1 (Harder) Terran - Winner!

Build Orders:  

Get SALT Encoding   

  12  0:01  SCV  
  13  0:13  SCV  
  14  0:19  Supply Depot  
  14  0:25  SCV  
  15  0:41  SCV  
  16  0:45  Barracks  
  16  0:51  Refinery  
  16  0:53  SCV  
  17  1:05  SCV  
  18  1:17  SCV  
  19  1:24  Supply Depot  
  19  1:32  Marine  
  20  1:33  SCV  
  21  1:46  Orbital Command  
  21  1:49  Marine  
  22  1:55  Supply Depot  
  22  2:06  Barracks  
  22  2:09  Barracks Tech Lab  
  22  2:26  Marine  
  23  2:36  SCV  
  23  2:37  Supply Depot  
  24  2:44  Marine  
  24  2:45  Refinery  
  24  2:48  SCV  
  26  2:52  Marine  
  26  2:55  Engineering Bay  
  27  3:00  SCV  
  27  3:03  Marauder  
  30  3:10  Marine  
  30  3:12  SCV  
  32  3:23  Marine  
  32  3:24  SCV  
  34  3:36  SCV  
  35  3:42  Marauder  
  37  4:03  Marauder  
  39  4:23  Barracks Tech Lab  
  39  4:27  Factory  
  39  4:29  Missile Turret  
  39  4:31  Supply Depot  
  40  4:39  Missile Turret  
Show
View Real Time Build Order
Export as new Build Order

A.I. 2 (Harder) Terran - Winner!

Build Orders:  

Get SALT Encoding   

  12  0:01  SCV  
  13  0:13  SCV  
  14  0:21  Supply Depot  
  14  0:25  SCV  
  15  0:42  SCV  
  16  0:45  Barracks  
  16  0:51  Refinery  
  16  0:54  SCV  
  17  1:06  SCV  
  18  1:19  SCV  
  18  1:22  Supply Depot  
  19  1:31  SCV  
  19  1:32  Marine  
  21  1:44  Orbital Command  
  21  1:51  Barracks Tech Lab  
  21  1:57  Supply Depot  
  21  2:08  Marine  
  21  2:09  Barracks  
  22  2:26  Marine  
  23  2:35  Supply Depot  
  23  2:36  SCV  
  24  2:44  Refinery  
  24  2:45  Marauder  
  24  2:48  SCV  
  27  2:55  Marine  
  27  2:56  Engineering Bay  
  28  3:00  SCV  
  29  3:06  Marauder  
  29  3:12  SCV  
  32  3:13  Marine  
  33  3:24  SCV  
  34  3:27  Marauder  
  36  3:36  SCV  
  37  3:49  Marauder  
  39  4:14  Barracks Tech Lab  
  39  4:16  Marine  
  40  4:18  Factory  
  40  4:21  Supply Depot  
  40  4:24  SCV  
  40  4:38  Missile Turret  
Show
View Real Time Build Order
Export as new Build Order

A.I. 3 (Harder) Terran - Winner!

Build Orders:  

Get SALT Encoding   

  12  0:01  SCV  
  13  0:13  SCV  
  14  0:20  Supply Depot  
  14  0:25  SCV  
  15  0:42  SCV  
  16  0:45  Barracks  
  16  0:50  Refinery  
  16  0:54  SCV  
  17  1:06  SCV  
  19  1:18  SCV  
  19  1:20  Supply Depot  
  19  1:32  Marine  
  20  1:33  SCV  
  21  1:46  Orbital Command  
  21  1:51  Barracks Tech Lab  
  21  1:53  Supply Depot  
  21  2:05  Barracks  
  21  2:09  Marine  
  22  2:27  Marine  
  23  2:34  Supply Depot  
  23  2:35  SCV  
  24  2:44  Refinery  
  24  2:45  Marauder  
  24  2:47  SCV  
  27  2:51  Marine  
  27  2:54  Engineering Bay  
  28  2:59  SCV  
  29  3:07  Marauder  
  29  3:09  Marine  
  29  3:11  SCV  
  33  3:23  SCV  
  34  3:27  Marine x2  
  35  3:35  SCV  
  36  3:45  Marine  
  36  3:46  Marauder  
  39  4:22  Barracks Tech Lab  
  38  4:24  SCV  
  38  4:26  Factory  
  38  4:28  Supply Depot  
  40  4:36  Missile Turret  
Show
View Real Time Build Order
Export as new Build Order

A.I. 4 (Harder) Terran - Winner!

Build Orders:  

Get SALT Encoding   

  12  0:01  SCV  
  13  0:13  SCV  
  14  0:20  Supply Depot  
  14  0:25  SCV  
  15  0:42  SCV  
  16  0:44  Barracks  
  16  0:50  Refinery  
  16  0:54  SCV  
  17  1:06  SCV  
  18  1:18  SCV  
  19  1:21  Supply Depot  
  19  1:31  Marine  
  20  1:32  Orbital Command  
  20  1:49  Marine  
  21  1:57  Supply Depot  
  21  1:58  SCV  
  22  2:09  Marine  
  22  2:10  Barracks  
  23  2:28  Barracks Tech Lab  
  23  2:34  Supply Depot  
  23  2:35  SCV  
  24  2:44  Refinery  
  24  2:45  Marine  
  24  2:47  SCV  
  26  2:53  Engineering Bay  
  26  2:56  Marine  
  27  2:59  SCV  
  27  3:03  Marine  
  29  3:12  SCV  
  30  3:14  Marine  
  31  3:22  Marauder  
  31  3:24  SCV  
  34  3:32  Marine  
  35  3:36  SCV  
  36  3:43  Marauder  
  36  3:48  SCV  
  39  3:50  Marine  
  40  4:13  Barracks Tech Lab  
  40  4:17  Factory  
  40  4:19  Supply Depot  
  40  4:30  Missile Turret  
  40  4:35  Missile Turret  
Tags
 
Add a new tag
Caveats
  • Supply blocks, unpowered buildings, or Contaminate may cause inaccurate times.
  • Supply counts are checked every 10 seconds.